AoeStats
← Bickus Diggus

Arena

509894567Analyzed
3v3 RM · 2d ago on Sep 28, 2026· 30m 34s· 6 players
Game mode
Random Map
Map size
Normal (6 player)
Population
200
Speed
Normal
Resources
Standard
Victory
Conquest
Starting age
Dark Age
Ending age
Imperial Age
RankedLock teamsTeams togetherTeam positionsShared explorationLock speedFull tech treeHidden civsTurbo modeCheats
Victory
Defeat
🇦🇷 Italians · Argentina
1018
+16
🇮🇳 Portuguese · India
979
+18
🇻🇳 Bulgarians · Vietnam
948
+19
🇳🇱 Aztecs · Netherlands
1133
-23
🇵🇱 Saxons · Poland
1061
-19
🇵🇰 Britons · Pakistan
863
-11
Bickus Diggus
11:37 Feudal Age
12:18 Double-Bit Axe
12:25 Horse Collar
15:44 Castle Age
13:50 Gold Mining
14:48 Wheelbarrow
17:04 Bow Saw
16:57 Heavy Plow
21:09 Stone Mining
23:45 Loom
24:16 Hand Cart
25:11 Town Watch
28:23 Imperial Age
27:56 Ballistics
28:41 Elite Skirmisher
29:35 Bloodlines
29:25 Husbandry
30:57 Chemistry
31:06 Crop Rotation
30:49 Fervor
30:50 Town Patrol
30:42 Arson
arika
1:32 Loom
10:02 Feudal Age
11:01 Double-Bit Axe
10:59 Horse Collar
20:37 Castle Age
19:25 Wheelbarrow
18:56 Gold Mining
19:16 Stone Mining
22:56 Heavy Plow
23:12 Bow Saw
24:09 Pikeman
IIWALLACEII
1:55 Loom
1:58 Loom
11:42 Feudal Age
12:18 Double-Bit Axe
12:29 Gold Mining
18:00 Castle Age
16:43 Stone Mining
18:36 Fletching
19:28 Padded Archer Armor
22:45 Wheelbarrow
24:34 Fervor
25:51 Bodkin Arrow
27:32 Ballistics
29:37 Hand Cart
Medina90
12:04 Feudal Age
15:41 Castle Age
15:51 Double-Bit Axe
16:44 Bow Saw
17:29 Wheelbarrow
17:17 Bow Saw
16:48 Horse Collar
19:40 Heavy Plow
25:25 Hand Cart
25:34 Gold Mining
25:36 Stone Mining
25:50 Loom
31:25 Imperial Age
KoryT
11:32 Feudal Age
12:46 Loom
15:51 Castle Age
13:50 Double-Bit Axe
13:47 Horse Collar
19:09 Wheelbarrow
23:34 Fletching
23:37 Stone Mining
25:56 Bodkin Arrow
Wild Nût Buster
10:39 Feudal Age
11:40 Double-Bit Axe
16:20 Castle Age
16:40 Fletching
18:25 Bow Saw
19:04 Wheelbarrow
19:27 Stone Mining
19:29 Gold Mining
19:23 Horse Collar
23:39 Bodkin Arrow
26:43 Gold Shaft Mining
32:27 Imperial Age
30:42 Padded Archer Armor
30:42 Heated Shot
31:14 Ballistics
30:35 Treadmill Crane
31:16 Fortified Wall
Connection lost

Rejoining the realm…

Still unreachable

The connection could not be restored.

Session expired

The server has moved on; the page needs a fresh start.